 Dungeon Crawl Stone Soup version 0.28-a0-779-g3d1f99b579 (webtiles) character file.

Game seed: 12019839553210049006

483 timneilson the Covered (level 7, -6/43 HPs)
             Began as a Gargoyle Fighter on Nov 2, 2021.
             Was an Initiate of Okawaru.
             Mangled by an orc warrior (17 damage)
             ... on level 4 of the Dungeon.
             The game lasted 00:07:07 (4926 turns).

timneilson the Covered (Gargoyle Fighter)           Turns: 4926, Time: 00:07:09

Health: -6/43      AC: 18    Str: 21    XL:     7   Next: 12%
Magic:  7/7        EV:  8    Int:  9    God:    Okawaru [......]
Gold:   290        SH:  4    Dex:  9    Spells: 6/6 levels left

rFire   . . .      SeeInvis .   a - +0 long sword
rCold   . . .      Faith    .   c - +0 buckler
rNeg    + . .      Spirit   .   l - +0 chain mail
rPois   ∞          Reflect  .   (no helmet)
rElec   +          Harm     .   (no cloak)
rCorr   .          Rampage  .   i - +0 pair of gloves
Will    .....                   e - +1 pair of boots
Stlth   ..........              (no amulet)
HPRegen 0.14/turn               (no ring)
MPRegen 0.10/turn               (no ring)

@: no status effects
A: sickness immunity, AC +4, negative energy resistance 1, electricity
resistance, torment resistance 1, petrification resistance
a: Renounce Religion


You were on level 4 of the Dungeon.
You worshipped Okawaru.
Okawaru was noncommittal.
You visited 2 branches of the dungeon, and saw 6 of its levels.

You collected 290 gold pieces.

Inventory:

Hand Weapons
 a - a +0 long sword (weapon)
Armour
 c - a +0 buckler (worn)
 e - a +1 pair of boots (worn)
 i - a +0 pair of gloves (worn)
 l - a +0 chain mail (worn)
 m - a +0 plate armour
Jewellery
 f - the ring "Ajaysaw" {rF+ rN+ rCorr Str+3 Dex+3}
   (You found it on level 4 of the Dungeon)

   [ring of positive energy]

   Str:       It affects your strength (+3).
   Dex:       It affects your dexterity (+3).
   rF:        It protects you from fire.
   rN:        It protects you from negative energy.
   rCorr:     It protects you from acid and corrosion.
Wands
 d - a wand of polymorph (13)
Potions
 g - a potion of resistance


   Skills:
 + Level 4.2 Fighting
 * Level 3.6 Long Blades
 * Level 5.1 Armour
 + Level 1.5 Dodging
 * Level 5.0 Shields
 + Level 0.8 Invocations
 + Level 0.4 Evocations


You had 6 spell levels left.
You didn't know any spells.
Your spell library contained the following spells:

 Spells                   Type           Power      Damage    Failure   Level
 Passwall                 Tmut/Erth      0%         N/A       99%         2
 Gell's Gravitas          Tloc           0%         N/A       100%        3
 Lesser Beckoning         Tloc           0%         N/A       100%        3
 Swiftness                Air            0%         N/A       100%        3
 Teleport Other           Tloc           0%         N/A       100%        3
 Olgreb's Toxic Radiance  Pois           0%         N/A       100%        4
 Invisibility             Hex            0%         N/A       100%        6
 Ozocubu's Refrigeration  Ice            0%         4d5       100%        7
 Ignition                 Fire           0%         3d3       100%        8


Dungeon Overview and Level Annotations

Branches:
Dungeon (5/15)             Temple (1/1) D:4

Altars:
Ashenzari
Dithmenos
Elyvilon
Fedhas
Gozag
Hepliaklqana
Kikubaaqudgha
Makhleb
Nemelex Xobeh
Okawaru
Qazlal
Ru
Sif Muna
Trog
Uskayaw
Vehumet
Wu Jian
Xom
Yredelemnul
Zin
The Shining One


Innate Abilities, Weirdness & Mutations

You are immune to sickness and miasma.
Your stone body is resilient. (AC +4)
You are immune to poison.
You resist negative energy. (rN+)
You are resistant to electric shocks. (rElec)
You are resistant to unholy torment.
You are immune to petrification.


Message History

You climb upwards.
There is a stone staircase leading down here.
You hit the orc warrior.
The orc warrior is moderately wounded.
The orc warrior hits you with a +0 dire flail. x2
You hit the orc warrior.
The orc warrior is heavily wounded.
The orc warrior hits you with a +0 dire flail!
You barely miss the orc warrior.
The orc warrior is heavily wounded.
The orc warrior hits you with a +0 dire flail!
* * * LOW HITPOINT WARNING * * *
You barely miss the orc warrior.
The orc warrior is heavily wounded.
You block the orc warrior's attack.
Unknown command.
You feel better.
The orc warrior hits you with a +0 dire flail.
* * * LOW HITPOINT WARNING * * *
You barely miss the orc warrior.
The orc warrior is heavily wounded.
The orc warrior hits you but does no damage.
Your chain mail prevents you from hitting the orc warrior.
The orc warrior is heavily wounded.
The orc warrior hits you but does no damage.
The orc warrior misses you.
You hit the orc warrior but do no damage.
The orc warrior is heavily wounded.
The orc warrior hits you but does no damage.
You closely miss the orc warrior.
The orc warrior is heavily wounded.
The orc warrior barely misses you.
You hit the orc warrior but do no damage.
The orc warrior is heavily wounded.
You block the orc warrior's attack.
You hit the orc warrior but do no damage.
The orc warrior is heavily wounded.
You block the orc warrior's attack.
The orc warrior hits you with a +0 dire flail!
You die...

#.....# #.# #.<..## #.#
#.#### #(# #.# #.# #.# #.#
#.# #.# #.# ##.## #
#.##########...# #
#|#o@[.......#.# #
#############.##########...#
# ....).........#...# #####
# ###############.).# #
#.[....# #...# #
#####.####.# ##'## ########
......# #.# #..# #.......
###...# #.# #.## #.######
#)#...# #.# #.# #.#


You could see an orc warrior.

Vanquished Creatures
  An ogre (D:4)
  A centaur zombie (D:3)
  2 hounds (D:4)
  2 iguanas (D:4)
  Natasha (D:2)
  3 orc wizards (D:4)
  7 adders
  A worm (D:4)
  8 orcs
  5 endoplasms
  2 giant cockroaches
  7 hobgoblins
  10 jackals
  14 kobolds
  4 ball pythons
  7 bats
  7 frilled lizards
  6 goblins
  4 rats
92 creatures vanquished.

Notes
Turn   | Place    | Note
-------+----------+-------------------------------------------
     0 | D:1      | timneilson the Gargoyle Fighter began the quest for the
                  | Orb.
     0 | D:1      | Reached XP level 1. HP: 14/14 MP: 1/1
   404 | D:1      | Reached XP level 2. HP: 11/19 MP: 2/2
   823 | D:1      | Reached XP level 3. HP: 21/23 MP: 3/3
  1701 | D:2      | Noticed Natasha
  1709 | D:2      | Killed Natasha
  1710 | D:2      | Reached XP level 4. HP: 28/28 MP: 4/4
  2507 | D:2      | Reached XP level 5. HP: 31/33 MP: 5/5
  2922 | D:3      | Found a faded altar of an unknown god.
  3072 | D:3      | Reached skill level 1 in Dodging
  3477 | D:4      | Noticed an ogre
  3478 | D:4      | Found a staircase to the Ecumenical Temple.
  3556 | D:4      | Killed an ogre
  3557 | D:4      | Reached XP level 6. HP: 8/38 MP: 6/6
  3574 | Temple   | Entered the Ecumenical Temple
  3872 | Temple   | Became a worshipper of Warmaster Okawaru
  4512 | D:4      | Identified the ring "Ajaysaw" {rF+ rN+ rCorr Str+3 Dex+3}
  4546 | D:4      | Reached skill level 5 in Armour
  4616 | D:4      | Reached skill level 5 in Shields
  4767 | D:5      | Entered Level 5 of the Dungeon
  4777 | D:4      | Reached XP level 7. HP: 26/43 MP: 7/7
  4926 | D:4      | Mangled by an orc warrior

Illustrated notes

Levels and vault maps discovered:
D:1:      dpeg_arrival_stone_temple_mockup, layout_basic
D:2:      layout_basic, uniq_natasha
D:3:      layout_basic, ebering_ecumenical_altar_box, due_unseen_surprise
D:4:      layout_loops_ring, minmay_temple_entry_sparse_star, eino_tiny_chamber,
          minmay_quantized
D:5:      layout_basic, st_stairs_8, nicolae_shop_gadgets, uniq_eustachio
Temple:   minmay_crystal_snake_temple

Skill      XL: |  1  2  3  4  5  6 |
---------------+-------------------+-----
Long Blades    | 2 3 |  3.6
Armour         | 4 5 |  5.1
Shields        | 4 5 |  5.0
Dodging        | 1 |  1.5
Fighting       | 4 |  4.2
Invocations    | |  0.8
Evocations     | |  0.4

Action                   |  1- 3 |  4- 6 |  7- 9 || total
-------------------------+-------+-------+-------++-------
Melee: Long sword        |   112 |   282 |    17 ||   411
  Use: Scroll            |       |     8 |       ||     8
       Potion            |       |     5 |     1 ||     6
Armor: Scale mail        |    70 |    13 |       ||    83
       Chain mail        |       |   195 |     7 ||   202
Dodge: Dodged            |    47 |   113 |     4 ||   164
Block: Buckler           |    13 |    62 |     5 ||    80

Table legend: (Time is in decaauts)
 A = Elapsed time spent in this place.
 B = Non-inter-level travel time spent in this place.
 C = Inter-level travel time spent in this place.
 D = Time resting spent in this place.
 E = Time spent auto-exploring this place.
 F = Levels seen in this place.
 G = Mean time per level.
                   A        B        C        D        E       F      G
               +--------+--------+--------+--------+--------+-----+--------+
         Total |   5029 |   4928 |    101 |    279 |   3668 |   6 |  838.2 |
       Dungeon |   4583 |   4516 |     67 |    279 |   3284 |   5 |  916.6 |
        Temple |    446 |    412 |     34 |      0 |    384 |   1 |  446.0 |
               +--------+--------+--------+--------+--------+-----+--------+

Top non-repeatable levels by time:
     D:1: 1493 daAuts
     D:2: 1411 daAuts
     D:4: 1151 daAuts
     D:3: 517 daAuts
  Temple: 446 daAuts
     D:5: 10 daAuts
